 Dungeon Crawl Stone Soup version 0.31.0-32-g396128a36d (webtiles) character file.

Game seed: 6322828246522323427

293965 gadagroo the Shatterer (level 20, -2/210 HPs)
             Began as a Gargoyle Berserker on Mar 21, 2024.
             Was the Champion of Trog.
             Slain by a deep troll (4 damage)
             ... led by an ironbound preserver
             ... on level 4 of the Vaults.
             The game lasted 01:54:58 (42182 turns).

gadagroo the Shatterer (Gargoyle Berserker)        Turns: 42182, Time: 01:54:59

Health: -2/210     AC: 16    Str: 29    XL:     20   Next: 84%
Magic:  20/20      EV: 18    Int:  9    God:    Trog [******]
Gold:   3200       SH:  5    Dex:  9    Spells: 19/19 levels left

rFire   . . .        T - melded +9 demon whip (vamp)
rCold   . . .        L - melded +1 tower shield {rC+}
rNeg    + + +        P - melded +4 plate armour {rF+}
rPois   ∞            J - melded +0 mask of the Dragon {Will+ Slay+3 SInv}
rElec   .            S - melded +0 cloak
rCorr   .            I - melded +2 pair of gloves
SInv    .            O - melded +2 pair of boots {rampage}
Will    +....        V - amulet of reflection Stlth
                     v - +4 ring of protection
HPRegen 0.55/turn    U - +4 ring of slaying
MPRegen 0.17/turn

%: reflection
@: berserking (expiring), fungus-form, studying Polearms, very quick
A: melee confuse, terrified, no casting, sickness immunity, AC +15, tiny, (big
wings), negative energy resistance 1, (electricity resistance), torment
resistance 1, petrification resistance
}: 2/15 runes: barnacled, gossamer
a: Renounce Religion, Berserk, Trog's Hand, Brothers in Arms


You were on level 4 of the Vaults.
You worshipped Trog.
Trog was exalted by your worship.
You were a sentient fungus.
You visited 6 branches of the dungeon, and saw 34 of its levels.
You also visited: Ice Cave and Volcano.

You collected 3442 gold pieces.
You spent 242 gold pieces at shops.

Inventory:

Hand Weapons
 F - the +7 morningstar "Motwuoce" {heavy, *Corrode rElec rC- SInv}
   (Trog gifted it to you in an ice cave)

   rC-:       It makes you vulnerable to cold.
   rElec:     It insulates you from electricity.
   SInv:      It lets you see invisible.
   *Corrode:  It may corrode you when you take damage.
 T - a +9 vampiric demon whip (melded)
Missiles
 z - 5 throwing nets (quivered)
Armour
 I - a +2 pair of gloves (melded)
 J - the +0 mask of the Dragon (melded) {Will+ Slay+3 SInv}
   (You found it on level 4 of the Shoals)

   Slay+3:    It affects your accuracy & damage with ranged weapons and melee
   (+3).
   Will+:     It increases your willpower.
   SInv:      It lets you see invisible.
 L - a +1 tower shield of cold resistance (melded)
 O - a +2 pair of boots of rampaging (melded)
 P - a +4 plate armour of fire resistance (melded)
 S - a +0 cloak (melded)
Jewellery
 i - a ring of protection from fire
 m - a ring of see invisible
 q - a ring of protection from cold
 v - a +4 ring of protection (left hypha)
 y - a ring of positive energy
 B - an amulet of guardian spirit
 D - a ring of resist corrosion
 G - a +4 ring of slaying
 U - a +4 ring of slaying (right hypha)
 V - an amulet of reflection (around neck)
Wands
 d - a wand of acid (12)
 w - a wand of roots (47)
 K - a wand of paralysis (16)
 Q - a wand of digging (10)
 R - a wand of mindburst (23)
 X - a wand of flame (35)
Scrolls
 a - 4 scrolls of poison
 c - 3 scrolls of silence
 e - 5 scrolls of revelation
 f - 13 scrolls of identify
 h - a scroll of butterflies
 l - 7 scrolls of fear
 n - 6 scrolls of teleportation
 o - a scroll of torment
 p - a scroll of immolation
 A - a scroll of blinking
 C - 4 scrolls of brand weapon
 N - 6 scrolls of vulnerability
 Y - 4 scrolls of fog
Potions
 b - 12 potions of mutation
 g - 7 potions of heal wounds
 j - 3 potions of resistance
 k - 6 potions of enlightenment
 r - 3 potions of ambrosia
 s - 6 potions of might
 t - a potion of attraction
 u - 4 potions of cancellation
 x - 5 potions of curing
 H - a potion of berserk rage
 M - 7 potions of haste
 W - 5 potions of lignification
 Z - 5 potions of invisibility
Miscellaneous
 E - a condenser vane


   Skills:
 + Level 20.0 Fighting
 + Level 21.5 Maces & Flails
 + Level 18.8 Armour
 - Level 1.5 Dodging
 + Level 19.2 Shields


You had 19 spell levels left.
You didn't know any spells.
Your spell library was empty.

Dungeon Overview and Level Annotations

Branches:
Dungeon (15/15)            Temple (0/1) D:5            Lair (5/5) D:10
 Shoals (4/4) Lair:2       Spider (4/4) Lair:2        Slime (0/5) Lair:4
    Orc (2/2) D:9             Elf (0/3) Orc:2        Vaults (4/5) D:13
  Crypt (0/3) Vaults:2     Depths (0/4) D:15          IceCv (visited)
Volcano (visited)

Altars:
Ashenzari
Fedhas
Gozag
Hepliaklqana
Makhleb
Nemelex Xobeh
Ru
Sif Muna
Vehumet
Wu Jian
Xom
The Shining One
Jiyva

Shops:
D:7 *   D:13 [   Orc:2 [[!*   Shoals:4 ?   Vaults:1 (

Portals:
Trove: D:15 (give 7 potions of haste)

Annotations:
Lair:3 2 transporters, OdinFK's ghost, journeyman OnCA


Innate Abilities, Weirdness & Mutations

You are a sentient fungus.
You are tiny and evasive.
Your melee attack releases spores that confuse breathing creatures.
You become terrified and freeze when enemies are visible.
Your armour is entirely melded.
You are incapable of wielding weapons or throwing items.
You cannot cast spells.
You are immune to sickness and miasma.
((Your stone body is resilient. (AC +15)))
You are immune to poison.
((Your large and strong wings let you fly.))
You resist negative energy. (rN+)
((You are resistant to electric shocks. (rElec)))
You are resistant to unholy torment.
You are immune to petrification.


Message History

The deep troll claws you but does no damage.
The yaktaur closely misses you.
The yaktaur hits you but does no damage.
The ironbound convoker hits you with a +0 great mace!!
* * * LOW HITPOINT WARNING * * *
You are too berserk!
You are too berserk!
You release spores at the boggart!!
You feel the power of Trog in you as your rage grows.
You kill the boggart!
Trog accepts your kill.
Trog appreciates your killing of a magic user.
The ironbound convoker dissolves into shadows!
You release spores at the yaktaur!!!
The yaktaur is almost dead.
The yaktaur hits you.
* * * LOW HITPOINT WARNING * * *
The deep troll closely misses you. The deep troll claws you!
* * * LOW HITPOINT WARNING * * *
You block the deep troll's attack. The yaktaur barely misses you.
You barely miss the yaktaur.
The yaktaur is almost dead.
You barely miss the yaktaur.
The yaktaur is almost dead.
You release spores at the yaktaur.
You kill the yaktaur!
Trog accepts your kill. The yaktaur completely misses you.
The deep troll completely misses you. The deep troll claws you!
* * * LOW HITPOINT WARNING * * *
The deep troll barely misses you.
Okay, then.
You are too berserk!
You release spores at the deep troll!!
The deep troll appears confused.
The deep troll is severely wounded.
You catch the helpless deep troll completely off-guard!
You release spores at the deep troll!
The deep troll appears confused.
The deep troll is almost dead.
The yaktaur barely misses you. The deep troll bites you.
You die...

### ##.##
##)..##
#)f<..#
#.c)T...#
#....#....#
#....####...#
.....# ##..#
.....# ##
#...# ##.#


You could see a deep troll (strong, confused) and a yaktaur.

Vanquished Creatures
  Margery (Vaults:3)
  Norris (Vaults:2)
  A searing wretch (Vaults:3)
  The ghost of phunky83 the Peltast, an adept MiBe of Trog (Spider:4)
  A sphinx (Vaults:3)
  Gastronok (D:10)
  Polyphemus (Shoals:3)
  Kirke (D:13)
  7 emperor scorpions
  4 vault wardens
  A reaper (IceCv)
  4 ghost moths
  21 slime creatures
  A ghoul (Vaults:2)
  A broodmother (Spider:1)
  2 formless jellyfish (Vaults:1)
  2 orc warlords
  9 ironbound preservers
  A quicksilver ooze (Vaults:2)
  A vampire knight (Vaults:2)
  2 ironbound thunderhulks
  2 spark wasps
  2 dire elephants
  Snorg (Orc:2)
  6 merfolk javelineers
  Josephine (D:11)
  A crystal guardian (Vaults:1)
  The ghost of diceflayer the Unseen, a journeyman DsGl of Okawaru (D:14)
  10 merfolk impalers
  A quicksilver dragon zombie (D:15)
  A deep elf high priest (Vaults:3)
  10 yaktaur captains
  Harold (D:10)
  2 entropy weavers
  4 vault guards
  6 great orbs of eyes
  Erolcha (Orc:2)
  4 merfolk avatars
  2 hydras
  A peacekeeper (Vaults:1)
  6 radroaches
  14 centaur warriors
  3 catoblepae
  8 ironbound frosthearts
  11 boulder beetles
  3 merfolk aquamancers
  3 satyrs
  5 two-headed ogres
  8 death yaks
  5 demonic crawlers
  6 orc high priests
  Sonja (Lair:2)
  8 skysharks
  A fire crab (Lair:4)
  2 hell knights (Vaults:3)
  9 skeletal warriors
  3 pharaoh ants
  15 sea snakes
  A sun moth (Spider:4)
  5 arcanists
  A flayed ghost (D:15)
  33 deep trolls
  11 orb spiders
  2 phantasmal warriors
  4 lindwurms
  12 orc knights
  22 ironbound convokers
  12 steelbarb worms
  31 harpies
  2 deep elf pyromancers
  4 necromancers
  An orc sorcerer (Orc:1)
  15 wolf spiders
  19 manticores
  5 salamanders (Volcano)
  15 fauns
  12 cyclopes
  6 merfolk sirens
  19 ugly things
  A guardian serpent (shapeshifter) (D:15)
  10 vault sentinels
  3 meliai (Spider:2)
  15 elephants
  4 black mambas
  5 water nymphs
  A torpor snail (shapeshifter) (D:15)
  2 ice statues (IceCv)
  7 torpor snails
  4 cane toads
  5 molten gargoyles (Volcano)
  4 gargoyles
  An unseen horror (D:11)
  19 yaktaurs
  A freezing wraith (IceCv)
  4 rime drakes
  An anaconda simulacrum (IceCv)
  2 efreet
  5 ice devils (IceCv)
  7 komodo dragons
  7 wind drakes
  A troll (D:12)
  11 snapping turtles
  6 blink frogs
  2 hornets
  32 tarantellas
  40 merfolk
  4 polar bears
  4 dream sheep (Shoals:1)
  27 jumping spiders
  21 culicivoras
  6 wraiths
  6 wyverns
  A dire elephant simulacrum (IceCv)
  A spriggan skeleton (D:15)
  44 yaks
  8 humans (D:13)
  2 shadows
  A hog (D:13)
  A warg (D:9)
  9 water elementals
  5 basilisks
  2 death yak simulacra (IceCv)
  A steam dragon (Lair:5)
  7 vampire mosquitoes
  Grum (D:10)
  A harpy simulacrum (IceCv)
  An acid dragon (D:11)
  49 redbacks
  A water moccasin (shapeshifter) (D:15)
  18 water moccasins
  A hydra simulacrum (IceCv)
  An ice beast (D:5)
  48 orc warriors
  4 black bears
  A sky beast (D:6)
  3 boggarts
  2 ogres
  11 centaurs
  9 wolves
  2 phantoms
  A kobold brigand (D:8)
  A gnoll sergeant (D:10)
  8 bullfrogs
  2 scorpions
  A cane toad simulacrum (Orc:1)
  3 two-headed ogre simulacra
  9 wights
  10 killer bees
  2 elephant simulacra
  6 electric eels
  4 howler monkeys
  6 jellies
  2 bombardier beetles
  5 hounds
  36 orc priests
  A gnoll bouda (D:7)
  Jessica (D:3)
  A sleepcap (D:6)
  An iguana (D:6)
  27 orc wizards
  4 hell rats (Lair:5)
  A polar bear simulacrum (IceCv)
  5 yak simulacra (Lair:3)
  3 spriggan simulacra
  2 troll simulacra
  4 wolf simulacra
  8 adders
  11 gnolls
  5 naga simulacra
  A river rat (Lair:3)
  5 white imps
  2 ufetubi (IceCv)
  2 ribbon worms
  101 orcs
  4 bats
  12 endoplasms
  4 giant cockroaches
  2 hobgoblins
  4 jackals (D:3)
  4 quokkas
  7 ball pythons
  2 frilled lizards
  6 goblins
  7 kobolds
  6 rats
  3 river rat simulacra (Lair:3)
1309 creatures vanquished.

Vanquished Creatures (others)
  A ghost moth (Spider:4)
  A vampire knight (Vaults:2)
  A vault guard (D:13)
3 creatures vanquished.

Grand Total: 1312 creatures vanquished

Notes
Turn   | Place    | Note
-------+----------+-------------------------------------------
     0 | D:1      | gadagroo the Gargoyle Berserker began the quest for the
                  | Orb.
     0 | D:1      | Reached XP level 1. HP: 14/14 MP: 1/1
   188 | D:1      | Reached XP level 2. HP: 18/19 MP: 2/2
   445 | D:1      | Reached skill level 4 in Maces & Flails
   666 | D:2      | Reached ** piety under Trog
   667 | D:2      | Reached XP level 3. HP: 23/23 MP: 3/3
  1231 | D:3      | Found a faded altar of an unknown god.
  1442 | D:3      | Reached XP level 4. HP: 28/28 MP: 4/4
  1519 | D:3      | Reached skill level 5 in Maces & Flails
  1617 | D:3      | Noticed Jessica
  1626 | D:3      | Killed Jessica
  1627 | D:3      | Reached XP level 5. HP: 32/32 MP: 5/5
  1783 | D:3      | Found a shimmering blue altar of Sif Muna.
  2167 | D:4      | Noticed a phantom
  2174 | D:4      | Noticed a black bear
  2175 | D:4      | Killed a phantom
  2176 | D:4      | Reached skill level 6 in Maces & Flails
  2183 | D:4      | Reached XP level 6. HP: 37/37 MP: 6/6
  2187 | D:4      | Killed a black bear
  2188 | D:4      | Reached skill level 7 in Maces & Flails
  2200 | D:4      | HP: 1/37 [burnt (3)]
  2575 | D:4      | Found a hazy altar of Hepliaklqana.
  2694 | D:4      | Reached XP level 7. HP: 41/41 MP: 7/7
  2930 | D:5      | Entered Level 5 of the Dungeon
  2946 | D:5      | Reached skill level 8 in Maces & Flails
  3073 | D:5      | Identified the +4 mace of the Unspeakable One {holy, rN+
                  | rCorr}
  3101 | D:5      | Identified the +6 shortbow "Leviticus" {heavy, rN+ SInv}
  3106 | D:5      | Found a staircase to the Ecumenical Temple.
  3342 | D:5      | Found an ornate altar of the Wu Jian Council.
  3342 | D:5      | Found a glowing golden altar of the Shining One.
  3423 | D:5      | Reached *** piety under Trog
  3467 | D:5      | Reached skill level 9 in Maces & Flails
  3771 | D:6      | Reached XP level 8. HP: 40/46 MP: 8/8
  4465 | D:6      | Found a shimmering altar of Xom.
  4465 | D:6      | Found a shimmering altar of Xom.
  4466 | D:6      | Found a shimmering altar of Xom.
  4628 | D:6      | Reached skill level 10 in Maces & Flails
  5096 | D:6      | Found an opulent altar of Gozag.
  5097 | D:6      | Found a radiant altar of Vehumet.
  5099 | D:6      | Found a blossoming altar of Fedhas.
  5255 | D:7      | Found Igimal's General Store.
  5393 | D:7      | Reached skill level 5 in Fighting
  5393 | D:7      | Reached XP level 9. HP: 45/54 MP: 9/9
  6577 | D:8      | Found a sacrificial altar of Ru.
  6610 | D:8      | Reached skill level 5 in Armour
  6618 | D:8      | Reached skill level 11 in Maces & Flails
  7991 | D:8      | Reached **** piety under Trog
  8352 | D:9      | Reached XP level 10. HP: 61/61 MP: 10/10
  8398 | D:9      | Found a staircase to the Orcish Mines.
  8430 | D:9      | Reached skill level 12 in Maces & Flails
  8695 | D:9      | Found a burning altar of Makhleb.
  9315 | D:10     | Entered Level 10 of the Dungeon
  9363 | D:10     | Found a sparkling altar of Nemelex Xobeh.
  9400 | D:10     | Noticed Harold
  9417 | D:10     | Killed Harold
  9588 | D:10     | Noticed Gastronok
  9618 | D:10     | Killed Gastronok
  9619 | D:10     | Reached skill level 13 in Maces & Flails
  9619 | D:10     | Reached XP level 11. HP: 69/69 MP: 11/11
  9672 | D:10     | Found a staircase to the Lair.
 10080 | D:10     | Identified the +9 rapier of the Empty Page {flame, rN+
                  | Str+2}
 10187 | D:10     | Noticed Grum
 10217 | D:10     | Killed Grum
 10351 | D:10     | Noticed a brown ugly thing
 10365 | D:10     | Killed a brown ugly thing
 10725 | Lair:1   | Entered Level 1 of the Lair of Beasts
 10725 | Lair:1   | Noticed a skyshark
 10739 | Lair:1   | Killed a skyshark
 10832 | Lair:1   | Reached skill level 14 in Maces & Flails
 11687 | Lair:2   | Noticed Sonja
 11687 | Lair:2   | Noticed a catoblepas
 11701 | Lair:2   | Reached skill level 1 in Shields
 11706 | Lair:2   | Killed a catoblepas
 11707 | Lair:2   | Reached skill level 10 in Fighting
 11707 | Lair:2   | Reached XP level 12. HP: 77/77 MP: 12/12
 11713 | Lair:2   | Killed Sonja
 11769 | Lair:2   | Found a hole to the Spider Nest.
 11874 | Lair:2   | Reached skill level 15 in Maces & Flails
 11969 | Lair:2   | Noticed a skyshark
 11993 | Lair:2   | Killed a skyshark
 12109 | Lair:2   | Reached skill level 5 in Shields
 12116 | Lair:2   | Reached ***** piety under Trog
 12128 | Lair:2   | Found a staircase to the Shoals.
 12307 | Lair:2   | Found a dark tunnel.
 12362 | Volcano  | Entered a volcano
 12676 | Volcano  | Noticed an orb of fire
 12754 | Volcano  | Noticed an orb of fire
 13022 | Volcano  | Reached XP level 13. HP: 80/84 MP: 13/13
 13895 | Lair:3   | Noticed OdinFK's ghost (journeyman OnCA)
 13897 | Lair:3   | Found a transporter.
 13904 | Lair:3   | Found a transporter.
 14335 | Lair:3   | Reached skill level 10 in Shields
 14640 | Lair:3   | Reached skill level 16 in Maces & Flails
 15399 | Lair:4   | Found a viscous altar of Jiyva.
 15412 | Lair:4   | Found a staircase to the Slime Pits.
 15921 | Lair:4   | Identified a scroll of acquirement
 15921 | Lair:4   | Acquired a +5 vampiric demon whip
 15964 | Lair:4   | Reached skill level 10 in Armour
 16332 | Lair:5   | Entered Level 5 of the Lair of Beasts
 16349 | Lair:5   | Received a gift from Trog
 16356 | Lair:5   | Gained mutation: Your large and strong wings let you fly.
                  | [Gargoyle growth]
 16356 | Lair:5   | Reached XP level 14. HP: 92/92 MP: 14/14
 16892 | Lair:5   | Identified the +6 trident "Kueceuxu" {elec, rElec}
 17705 | D:11     | Noticed Josephine
 17729 | D:11     | Killed Josephine
 18194 | D:11     | Reached skill level 17 in Maces & Flails
 18805 | D:12     | Identified the +0 falchion of the Shoals {venom, Int+3
                  | SInv}
 19228 | D:12     | Reached XP level 15. HP: 92/100 MP: 15/15
 19649 | D:13     | Found Voplysm's Antique Armour Shoppe.
 19742 | D:13     | Received a gift from Trog
 19806 | D:13     | Found a gate to the Vaults.
 19950 | D:13     | Noticed Kirke
 20274 | D:13     | Killed Kirke
 20566 | D:14     | Found a runed translucent gate.
 20566 | D:14     | Found a runed translucent gate.
 20566 | D:14     | Found a runed translucent gate.
 20567 | D:14     | Noticed diceflayer's ghost (journeyman DsGl)
 20834 | D:14     | Killed diceflayer's ghost
 20863 | D:15     | Entered Level 15 of the Dungeon
 20863 | D:15     | Found a staircase to the Depths.
 21067 | D:15     | Found a broken altar of Ashenzari.
 21712 | D:15     | Reached skill level 15 in Fighting
 21751 | D:15     | Received a gift from Trog
 22035 | D:15     | Reached XP level 16. HP: 108/108 MP: 16/16
 22049 | D:15     | Reached skill level 18 in Maces & Flails
 22200 | D:15     | Found a portal to a secret trove of treasure.
 22431 | Orc:1    | Entered Level 1 of the Orcish Mines
 22646 | Orc:1    | Reached ****** piety under Trog
 22870 | Orc:1    | Found a frozen archway.
 22891 | IceCv    | Entered an ice cave
 23101 | IceCv    | Identified the +7 morningstar "Motwuoce" {heavy, *Corrode
                  | rElec rC- SInv} (Trog gifted it to you in an ice cave)
 23101 | IceCv    | Received a gift from Trog
 23621 | Orc:2    | Entered Level 2 of the Orcish Mines
 23967 | Orc:2    | Noticed Snorg
 23984 | Orc:2    | Killed Snorg
 24021 | Orc:2    | Found a staircase to the Elven Halls.
 24078 | Orc:2    | Received a gift from Trog
 24269 | Orc:2    | Noticed Erolcha
 24311 | Orc:2    | Killed Erolcha
 24536 | Orc:2    | HP: 4/108 [sixfirhy[an orc high priest] (4)]
 25044 | Orc:2    | Found Gimiuzo's Armour Shop.
 25047 | Orc:2    | Found Sont's Distillery.
 25048 | Orc:2    | Found Legak's Assorted Antiques.
 25049 | Orc:2    | Found Yblool's Antique Armour Boutique.
 25053 | Orc:2    | Bought a potion of heal wounds for 65 gold pieces
 25053 | Orc:2    | Bought a potion of heal wounds for 65 gold pieces
 25280 | Spider:1 | Entered Level 1 of the Spider Nest
 25735 | Spider:1 | Received a gift from Trog
 26439 | Spider:1 | Reached skill level 15 in Shields
 26476 | Spider:1 | Reached XP level 17. HP: 115/115 MP: 17/17
 27014 | Spider:1 | Received a gift from Trog
 27828 | Spider:2 | Reached skill level 19 in Maces & Flails
 27851 | Spider:2 | Reached skill level 15 in Armour
 28703 | Spider:3 | Identified the +5 long sword of Dishonesty {freeze, *Noise
                  | rElec rCorr Stlth+}
 28889 | Spider:4 | Entered Level 4 of the Spider Nest
 30385 | Spider:4 | Identified the +8 mace of an ice cave {flame, Fly Str+3
                  | SInv} (Trog gifted it to you on level 4 of the Spider Nest)
 30385 | Spider:4 | Received a gift from Trog
 30655 | Spider:4 | Found the +8 Vampire's Tooth {megavamp}
 31316 | Spider:4 | Got a gossamer rune of Zot
 31533 | Spider:4 | Found a large runed translucent door.
 31533 | Spider:4 | Found a large runed translucent door.
 31538 | Spider:4 | Noticed phunky83's ghost (adept MiBe)
 32114 | Spider:4 | Killed phunky83's ghost
 32115 | Spider:4 | Reached XP level 18. HP: 124/124 MP: 18/18
 32352 | Shoals:1 | Entered Level 1 of the Shoals
 32731 | Shoals:1 | Received a gift from Trog
 33908 | Shoals:2 | Identified the +9 flail of Spite {flame, rF+ Will+} (Trog
                  | gifted it to you on level 2 of the Shoals)
 33908 | Shoals:2 | Received a gift from Trog
 34393 | Shoals:2 | Reached skill level 20 in Maces & Flails
 35365 | Shoals:3 | Noticed Polyphemus
 35386 | Shoals:3 | Killed Polyphemus
 35553 | Shoals:4 | Entered Level 4 of the Shoals
 35917 | Shoals:4 | Received a gift from Trog
 35963 | Shoals:4 | Reached XP level 19. HP: 126/131 MP: 19/19
 35980 | Shoals:4 | Found the +0 mask of the Dragon {Will+ Slay+3 SInv}
 36072 | Shoals:4 | Identified the staff of the Establishment {Int+2 Conj}
 36362 | Shoals:4 | Got a barnacled rune of Zot
 36619 | Shoals:4 | Found Weelidghota's Magic Scroll Boutique.
 36622 | Shoals:4 | Bought a scroll of enchant weapon for 112 gold pieces
 37269 | Vaults:1 | Entered Level 1 of the Vaults
 38032 | Vaults:1 | Received a gift from Trog
 38341 | Vaults:1 | Found Axiogiq's Weapon Shop.
 39013 | Vaults:2 | Reached XP level 20. HP: 139/139 MP: 20/20
 39212 | Vaults:2 | Found a runed translucent door.
 39247 | Vaults:2 | Noticed Norris
 39257 | Vaults:2 | Killed Norris
 39269 | Vaults:2 | Received a gift from Trog
 39272 | Vaults:2 | Reached skill level 21 in Maces & Flails
 39844 | Vaults:2 | Found a staircase to the Crypt.
 40918 | Vaults:3 | Received a gift from Trog
 41801 | Vaults:3 | Noticed Margery
 41820 | Vaults:3 | Killed Margery
 42180 | Vaults:4 | HP: 1/210 [deep troll[an ironbound preserver] (15)]
 42182 | Vaults:4 | Slain by a deep troll

Illustrated notes

Levels and vault maps discovered:
D:1:      dpeg_arrival_simpleton_b, layout_rooms, chequers_serial_rivers_marsh,
          minmay_tall_x
D:2:      layout_rooms, minmay_misc_feat_columns, minmay_misc_feat_five,
          minmay_misc_feat_nine_boxes
D:3:      layout_loops_cross, tgw_sif, chequers_ecumenical_altar_simple,
          kennysheep_cluttered_room
D:4:      layout_rooms, nicolae_hepliaklqana_hazy_memory, minmay_crossroads
D:5:      cheibrodos_quashed, layout_cave_pools,
          gammafunk_temple_overflow_elements,
          minmay_temple_entry_drinking_statues, grunt_ministairs_11
D:6:      layout_basic, minitemple, xom_redecorated
D:7:      layout_rooms, serial_shops, shop, mrwooster_statue_mirror,
          interstate_on_off, grunt_ministairs_5
D:8:      layout_cave_pods, nicolae_ru_awakened_eye, glass_columns_a,
          serial_park_tiny_pond
D:9:      layout_roguey, amcnicky_altar_gilded, david_orc_1_choice,
          kennysheep_cross_room, serial_bayou_pond_e
D:10:     nicolae_hitomezashi [nicolae_hito_row, nicolae_hito_row,
          nicolae_hito_row, nicolae_hito_row, nicolae_hito_row,
          nicolae_hito_row, nicolae_hito_row, nicolae_hito_row,
          nicolae_hito_row, nicolae_hito_row, nicolae_hito_row,
          nicolae_hito_row, nicolae_hito_row, nicolae_hito_row,
          nicolae_hito_row, nicolae_hito_row, nicolae_hito_row,
          nicolae_hito_row], layout_stronghold,
          nemelex_xobeh_ov_fountains_minmay, chequers_serial_rivers_small_b,
          uniq_gastronok, uniq_grum, uniq_harold
D:11:     layout_loops_ring, uniq_josephine
D:12:     layout_basic
D:13:     layout_roguey, ximxim_vaults_locker_room, gauntlet_entry_generic,
          serial_shops, shop, uniq_kirke
D:14:     layout_cave_pools, ebering_ghost_rock_garden,
          chequers_serial_rivers_room_b
D:15:     gammafunk_depths_entry_grave, layout_irregular_city, serial_rivers,
          chequers_serial_rivers_small_a, chequers_serial_rivers_micro_c,
          chequers_serial_rivers_large_b, chequers_serial_rivers_room_a,
          chequers_serial_rivers_room_a, chequers_serial_rivers_micro_b,
          enter_trove_5, evilmike_ruin_ashenzari, st_stairs_3,
          amcnicky_mini_pool_medium
Lair:1:   layout_misc_corridors, st_stairs_10, beast_lair_carwin_1,
          serial_bayou_shore_a
Lair:2:   layout_chaotic_city, minmay_shoals_entry_beasts,
          nicolae_spider_entry_tight_spaces, nicolae_volcano_entry_s_turn,
          nicolae_quartered_pool_impasse, serial_bayou_shore_b, uniq_sonja
Lair:3:   layout_long_grid, gammafunk_ghost_arena, st_stairs_4,
          eino_house_with_fridge
Lair:4:   layout_roguey, nicolae_slime_entry_slimehenge
Lair:5:   gammafunk_lair_ancient_temple, layout_gridlike, grunt_megastairs_2
Shoals:1: layout_shoals
Shoals:2: cheibrodos_shoals_oceanic_diplomacy, layout_shoals,
          nzn_prometheus_bound
Shoals:3: layout_shoals, uniq_polyphemus
Shoals:4: shoals_end_simple, layout_shoals, serial_shops, nicolae_shop_rolled_up
Spider:1: layout_spider_delve, hellmonk_test_site
Spider:2: layout_spider_delve
Spider:3: layout_spider_delve, drop_trap
Spider:4: grunt_spider_rune_circles, ebering_ghost_disaster_area
Orc:1:    layout_diamond_mine, portal_ice_cave_entry_ice_simulacra,
          statue_in_the_mist_lemuel, nicolae_orc_rockfall
Orc:2:    st_orc_pillars, layout_diamond_mine, uniq_erolcha, uniq_snorg
Vaults:1: nicolae_vaults_door_testing_chamber, grunt_vaults_diagonal,
          nicolae_vaults_cornered_office, nicolae_vaults_six-pack,
          nicolae_vaults_sesquioval_fish, nicolae_vaults_mini_display_case,
          grunt_vaults_twisty, vaults_mumra_chevron,
          nicolae_vaults_trapezoid_layered, nicolae_vaults_little_guard_posts,
          nicolae_vaults_house_1, layout_vaults_chaotic_city, serial_shops,
          nicolae_shop_window_shopping
Vaults:2: portal_desolation_entry_garden, minmay_crypt_entry_simple_statues,
          nicolae_vaults_tetromino_T_2, nicolae_vaults_big_angled_halls,
          nicolae_vaults_weapon_check, v_misc_15, nicolae_vaults_network_square,
          v_misc_22, hangedman_vaults_trim,
          serial_library_regret_index_small_wings, nicolae_vaults_oozy_zoo,
          nicolae_vaults_turnstiles, vaults_dpeg_emergency_exit,
          layout_vaults_ring, uniq_norris
Vaults:3: nicolae_vaults_closet_pinwheel_2, vaults_room_fancy_cross,
          hangedman_vaults_snaps, v_misc_26, v_alt_pattern_5,
          nicolae_vaults_more_shelving_2, nicolae_vaults_asterisk,
          layout_vaults_omnigrid, uniq_margery
Vaults:4: v_misc_12, nicolae_vaults_offset_grid_hallway_3, v_misc_33,
          nicolae_vaults_tangram_1, hangedman_vaults_hard_town_square,
          nicolae_vaults_layer_cake_slice, ontoclasm_vaults_loading_screen,
          nicolae_vaults_lightning_bolt, v_misc_18, hangedman_vaults_slice,
          ontoclasm_vaults_pinch, layout_vaults_big_cross

Skill      XL: |  1  2  3  4  5  6  7  8  9 10 11 12 13 14 15 16 17 18 19 20 |
---------------+-------------------------------------------------------------+-----
Maces & Flails | 4 5 6 7 9 10 11 13 14 15 16 17 18 19 20 21 | 21.5
Armour         | 4 6 7 9 10 11 13 14 15 16 18 | 18.8
Fighting       | 5 6 8 10 11 12 13 15 16 17 18 19 20 | 20.0
Shields        | 2 8 11 12 13 15 16 17 18 19 | 19.2
Dodging        | |  1.5

Action                     |  1- 3 |  4- 6 |  7- 9 | 10-12 | 13-15 | 16-18 | 19-21 || total
---------------------------+-------+-------+-------+-------+-------+-------+-------++-------
  Melee: Mace              |   136 |   107 |   443 |   812 |   574 |       |       ||  2072
         Punch             |       |     1 |     3 |     5 |       |       |       ||     9
         Demon whip        |       |       |       |       |  1174 |  2447 |  1006 ||  4627
         Unarmed           |       |       |       |       |    28 |       |    15 ||    43
 Invoke: Berserk           |       |     1 |    10 |    19 |    14 |    13 |    11 ||    68
    Use: Scroll            |     7 |     2 |     8 |     1 |    24 |     6 |     2 ||    50
         Potion            |       |     1 |       |       |     3 |     3 |       ||     7
   Stab: Petrifying        |       |       |       |     1 |       |       |       ||     1
         Petrified         |       |       |       |     2 |       |       |       ||     2
         Distracted        |       |       |       |       |     1 |       |       ||     1
         Held in net/web   |       |       |       |       |       |     1 |       ||     1
         Confused          |       |       |       |       |       |       |     2 ||     2
 Armour: Animal skin       |     8 |       |       |       |       |       |       ||     8
         Plate armour      |   114 |   117 |   469 |   715 |  1134 |  1753 |   482 ||  4784
         Skin              |       |     4 |       |       |    25 |       |    18 ||    47
  Dodge: Dodged            |    38 |    48 |   191 |   317 |   334 |   399 |   135 ||  1462
  Block: Kite shield       |       |       |       |   108 |   555 |       |       ||   663
         Tower shield      |       |       |       |       |   241 |  2814 |  1006 ||  4061
         Reflection        |       |       |       |       |       |    56 |    63 ||   119
         Other             |       |       |       |       |       |       |     3 ||     3
